 Dungeon Crawl Stone Soup version 0.28-a0-941-g140ffa10cf (webtiles) character file.

Game seed: 716115147821151519

63 Hipnos the Chiller (level 3, 0/19 HPs)
             Began as a Deep Elf Ice Elementalist on Nov 29, 2021.
             Killed by nerve-wracking pain
             ... invoked by an orc priest
              (2 damage)
             ... on level 2 of the Dungeon.
             The game lasted 00:02:59 (1642 turns).

Hipnos the Chiller (Deep Elf Ice Elementalist)      Turns: 1642, Time: 00:03:00

Health: 0/19       AC:  8    Str:  5    XL:     3   Next: 89%
Magic:  4/10       EV: 13    Int: 20    God:
Gold:   56         SH:  0    Dex: 15    Spells: 3/10 levels left

rFire   . . .      SeeInvis .   c - +0 short sword
rCold   . . .      Faith    .   (no shield)
rNeg    + . .      Spirit   .   a - +0 robe
rPois   .          Reflect  .   (no helmet)
rElec   .          Harm     .   (no cloak)
rCorr   .          Rampage  .   (no gloves)
Will    .....                   (no boots)
Stlth   ++........              (no amulet)
HPRegen 0.06/turn               i - ring of positive energy
MPRegen 0.12/turn               (no ring)

@: ice-armoured, freezing walls
A: no striking features
a: no special abilities


You were on level 2 of the Dungeon.
You visited 1 branch of the dungeon, and saw 2 of its levels.

You collected 56 gold pieces.

Inventory:

Hand Weapons
 c - a +0 short sword (weapon)
Missiles
 b - 58 stones
Armour
 a - a +0 robe (worn)
Jewellery
 i - a ring of positive energy (left hand)
Scrolls
 d - a scroll of teleportation {unknown}
 f - a scroll of enchant armour {unknown}
 g - a scroll of fear {unknown}
 h - a scroll of identify {unknown}
Potions
 e - a potion of ambrosia


   Skills:
 + Level 2.9 Dodging
 - Level 2.4 Stealth
 + Level 4.4 Spellcasting
 + Level 5.1 Ice Magic


You had 3 spell levels left.
You knew the following spells:

 Your Spells              Type           Power      Damage    Failure   Level
a - Freeze                Ice            100%       1d11      1%          1
b - Frozen Ramparts       Ice            50%        1d7       4%          3
c - Ozocubu's Armour      Ice            25%        N/A       4%          3

Your spell library contained the following spells:

 Spells                   Type           Power      Damage    Failure   Level
 Hailstorm                Conj/Ice       14%        3d5       38%         4


Dungeon Overview and Level Annotations

Branches:
Dungeon (2/15)

Altars:


Message History

There are monsters nearby!
There are monsters nearby!
An orc priest comes into view. It is wielding a +0 whip.
The orc priest shouts!
The orc priest calls down the wrath of Beogh upon you.
Beogh smites you!
Ouch! That really hurt!
* * * LOW HITPOINT WARNING * * *
Casting: Freeze (safe; 1% risk of failure)
Confirm with . or Enter, or press ? or * to list all spells.
The spell is quite dangerous to miscast (4% risk of failure)!
Continue anyway?
A film of ice covers your body!
Casting: Ozocubu's Armour (quite dangerous; 4% risk of failure)
Confirm with . or Enter, or press ? or * to list all spells.
You can't see any susceptible monsters within range! (Use Z to cast anyway.)
Casting: Ozocubu's Armour (quite dangerous; 4% risk of failure)
Confirm with . or Enter, or press ? or * to list all spells.
The spell is quite dangerous to miscast (4% risk of failure)!
Continue anyway?
Casting: Frozen Ramparts (quite dangerous; 4% risk of failure)
Press: ? - help, Dir - look around, f - activate The walls around you are covered in ice.
The wall freezes the orc.
You hit the orc.
The orc is moderately wounded.
The wall freezes the orc.
The orc hits you with a +0 dagger.
* * * LOW HITPOINT WARNING * * *
You hit the orc but do no damage.
The orc is severely wounded.
The wall freezes the orc.
You kill the orc!
The wall freezes the orc.
You hit the orc.
You kill the orc!
The wall freezes the orc priest.
You hit the orc priest but do no damage.
The orc priest is lightly wounded.
The wall freezes the orc priest.
The orc priest invokes the aid of Beogh against you.
Pain shoots through your body!
You die...

...#.###########.#
..##.# #.# .. #.## #.#
.###..##### #.#
..........# #.#
#...<.....# #.#
#.......<)# #.#
.......o..# #.#
#.........# #@#
#....<....######o######
#.......o.o.o.......†.#
############..........#
#..........#
############


You could see an orc priest.

Vanquished Creatures
  A worm (D:2)
  A dart slug (D:1)
  8 orcs (D:2)
  2 endoplasms
  4 giant cockroaches (D:1)
  A goblin (D:1)
  A hobgoblin (D:1)
  7 jackals (D:1)
  5 kobolds (D:1)
  A quokka (D:1)
  6 ball pythons (D:1)
  4 bats (D:1)
  2 frilled lizards
  4 rats
47 creatures vanquished.

Notes
Turn   | Place    | Note
-------+----------+-------------------------------------------
     0 | D:1      | Hipnos the Deep Elf Ice Elementalist began the quest for
                  | the Orb.
     0 | D:1      | Reached XP level 1. HP: 10/10 MP: 6/6
   115 | D:1      | Reached XP level 2. HP: 9/15 MP: 4/8
   425 | D:1      | Reached skill level 5 in Ice Magic
   453 | D:1      | Reached XP level 3. HP: 12/19 MP: 3/10
  1258 | D:2      | Learned a level 3 spell: Frozen Ramparts
  1262 | D:2      | Learned a level 3 spell: Ozocubu's Armour
  1642 | D:2      | Killed from afar by an orc priest

Illustrated notes

Levels and vault maps discovered:
D:1:      dpeg_arrival_round_b, layout_basic, minmay_large_rounded_square
D:2:      cheibrodos_pilgrimage, layout_rooms

Skill      XL: |  1  2  3 |
---------------+----------+-----
Ice Magic      | 5 |  5.1
Spellcasting   | 4 |  4.4
Dodging        | |  2.9
Stealth        | |  2.4

Action                   || total
-------------------------++-------
Melee: Short sword       ||    16
       Unarmed           ||     2
 Cast: Freeze            ||    58
       Ozocubu's Armour  ||     2
       Frozen Ramparts   ||     2
  Use: Potion            ||     2
Armor: Robe              ||    11
Dodge: Dodged            ||    46

Table legend: (Time is in decaauts)
 A = Elapsed time spent in this place.
 B = Non-inter-level travel time spent in this place.
 C = Inter-level travel time spent in this place.
 D = Time resting spent in this place.
 E = Time spent auto-exploring this place.
 F = Levels seen in this place.
 G = Mean time per level.
                   A        B        C        D        E       F      G
               +--------+--------+--------+--------+--------+-----+--------+
         Total |   1642 |   1611 |     31 |      0 |   1359 |   2 |  821.0 |
       Dungeon |   1642 |   1611 |     31 |      0 |   1359 |   2 |  821.0 |
               +--------+--------+--------+--------+--------+-----+--------+

Top non-repeatable levels by time:
     D:1: 1178 daAuts
     D:2: 463 daAuts
